 Dungeon Crawl Stone Soup version 0.16.1-5-gaa23807 (webtiles) character file.

238 Radiman the Cudgeler (level 5, -1/45 HPs)
             Began as a Centaur Fighter on Mar 28, 2015.
             Slain by Edmund
             ... wielding a +0 flail of venom
              (2 damage)
             ... on level 4 of the Dungeon.
             The game lasted 00:15:10 (4436 turns).

Radiman the Cudgeler (Centaur Fighter)              Turns: 4436, Time: 00:15:10

Health: -1/45      AC:  7    Str: 20    XL:     5   Next: 78%
Magic:  4/4        EV:  5    Int:  7    God:
Gold:   147        SH:  9    Dex:  8    Spells: 0 memorised, 4 levels left

rFire  . . .     SeeInvis .     a - +0 flail
rCold  . . .     Clarity  .     b - +0 scale mail
rNeg   . . .     SustAb   .     c - +1 shield
rPois  .         Gourm    .     (no helmet)
rElec  .         Spirit   .     (no cloak)
rCorr  .         Warding  .     o - +0 pair of gloves
rMut   .         Stasis   .     (no barding)
MR     .....                    (no amulet)
Stlth  ..........               (no ring)
                                n - ring of stealth

@: lethally poisoned (-1 -> -38), very quick, not resistant to hostile
enchantments, extremely unstealthy
A: hooves 3, deformed body, speed 2, tough skin 3
a: no special abilities


You were on level 4 of the Dungeon.
You were hungry.

You visited 1 branch of the dungeon, and saw 4 of its levels.

You collected 147 gold pieces.

Inventory:

Hand weapons
 a - a +0 flail (weapon)
Armour
 b - a +0 scale mail (worn)
 c - a +1 shield (worn)
 o - a +0 pair of gloves (worn)
Jewellery
 n - a ring of stealth (left hand)
Magical devices
 s - a wand of paralysis (13)
Scrolls
 f - 3 scrolls of teleportation
 g - a scroll of random uselessness {unknown}
 l - 3 scrolls of identify {unknown}
 m - a scroll of fog {unknown}
 p - a scroll of enchant weapon {unknown}
 r - a scroll of enchant armour
Potions
 e - a potion of might
 h - 2 potions of brilliance
 j - a potion of resistance
 k - a potion of heal wounds
Comestibles
 d - 6 bread rations
 q - 3 meat rations
 t - 2 fruits


   Skills:
 - Level 3.3 Fighting
 * Level 5.0 Maces & Flails
 - Level 2.6 Armour
 - Level 2.2 Shields


You had 4 spell levels left.
You didn't know any spells.

Dungeon Overview and Level Annotations

Branches:
Dungeon (4/15)
 Temple: D:4-7

Altars:

Annotations:
D:4 Edmund


Innate Abilities, Weirdness & Mutations

You have hooves in place of feet.
Armour fits poorly on your strangely shaped body.
You cover ground very quickly.
You have extremely tough skin (AC +3).


Message History

Edmund says, "People will remember me!
They'll remember me and die!"
Edmund hits you with a flail of venom.
You are more poisoned.
You hit Edmund but do no damage.
Edmund is almost dead.
* * * LOW HITPOINT WARNING * * *
You feel very sick. Edmund hits you with a flail of venom.
* * * LOW HITPOINT WARNING * * *
You hit Edmund but do no damage.
Edmund is almost dead.
* * * LOW HITPOINT WARNING * * *
You feel very sick. Edmund completely misses you.
You hit Edmund. Your kick misses Edmund.
Edmund is almost dead.
* * * LOW HITPOINT WARNING * * *
You feel very sick. Edmund hits you with a flail of venom.
You die...

#.# #..# #.# #.#
##.## #.# ###.#
#..# #.# ....#
##.###.# #####
#..##.# ##.##@#
### #.##.# ..#
#..#.# #.# ##@#.#
#.# #.@.# #.#####
#########..#
......#
#.....)##..#
#.###.#
#.####.##.[######
......# #.#
#....>.....#
#.##..###)#
###.#####.##
...#....#.# #.#
###.......######.#


You could see Edmund.

Vanquished Creatures
  2 orc wizards
  An iguana (D:4)
  A hound skeleton (D:4)
  5 adders
  2 worms
  2 giant geckos
  14 orcs
  A ball python (D:1)
  5 bats
  5 hobgoblins
  5 kobolds
  2 quokkas (D:3)
  5 giant cockroaches (D:3)
  18 goblins
  3 jackals (D:2)
  7 rats
78 creatures vanquished.

Vanquished Creatures (others)
  An orc (D:3)
1 creature vanquished.

Grand Total: 79 creatures vanquished

Notes
Turn   | Place    | Note
--------------------------------------------------------------
     0 | D:1      | Radiman, the Centaur Fighter, began the quest for the Orb.
     0 | D:1      | Reached XP level 1. HP: 19/19 MP: 1/1
   836 | D:2      | Reached XP level 2. HP: 12/26 MP: 2/2
  1585 | D:2      | Reached XP level 3. HP: 31/31 MP: 3/3
  2509 | D:3      | Reached XP level 4. HP: 31/38 MP: 3/3
  2717 | D:3      | Noticed an ogre
  3215 | D:3      | Reached skill level 4 in Maces & Flails
  3655 | D:4      | Reached XP level 5. HP: 41/45 MP: 4/4
  3675 | D:4      | Noticed an ogre
  3910 | D:4      | Noticed a phantom
  4228 | D:4      | Reached skill level 5 in Maces & Flails
  4290 | D:4      | Noticed Edmund
  4322 | D:4      | HP: 2/45 [poisoned by Edmund]
  4432 | D:4      | HP: 2/45 [Edmund/flail of venom (5)]
  4436 | D:4      | Slain by Edmund

Action                   |  1- 3 |  4- 6 || total
-------------------------+-------+-------++-------
Melee: Flail             |   109 |   169 ||   278
  Use: Scroll            |     6 |     1 ||     7
       Potion            |       |     5 ||     5
  Eat: Chunk             |     2 |     1 ||     3
       Meat ration       |     1 |       ||     1
